 Dungeon Crawl Stone Soup version 0.20.1-1-g8b1a95d (webtiles) character file.

144 troglodite the Slasher (level 5, 0/42 HPs)
             Began as a Demonspawn Berserker on Dec 29, 2017.
             Was a Priest of Trog.
             Killed from afar by an orc wizard (3 damage)
             ... with a puff of frost
             ... on level 3 of the Dungeon.
             The game lasted 00:06:59 (2897 turns).

troglodite the Slasher (Demonspawn Berserker)       Turns: 2897, Time: 00:07:00

Health: 0/42       AC: 11    Str: 18    XL:     5   Next: 5%
Magic:  5/5        EV:  6    Int:  8    God:    Trog [***...]
Gold:   95         SH:  0    Dex: 13    Spells: 4/4 levels left

rFire    . . .     SeeInvis .   a - +0 falchion
rCold    . . .     Gourm    .   (no shield)
rNeg     . . .     Faith    .   d - +0 plate armour
rPois    .         Spirit   .   (helmet restricted)
rElec    .         Reflect  .   (no cloak)
rCorr    .         Harm     .   (no gloves)
MR       .....                  (no boots)
Stlth    ..........             (no amulet)
Regen    0.2/turn               (no ring)
MPRegen  0.1/turn               (no ring)

@: berserk cooldown, slowed, very slow
A: antennae 1, claws 1, demonic guardian 1
a: Berserk, Trog's Hand, Burn Spellbooks, Renounce Religion


You were on level 3 of the Dungeon.
You worshipped Trog.
Trog was most pleased with you.
You were very hungry.

You visited 1 branch of the dungeon, and saw 3 of its levels.

You collected 95 gold pieces.

Inventory:

Hand Weapons
 a - a +0 falchion (weapon)
Armour
 d - a +0 plate armour (worn)
Scrolls
 g - 5 scrolls of identify {unknown}
 h - a scroll of magic mapping {unknown}
 k - 3 scrolls of teleportation {unknown}
 l - a scroll of enchant weapon {unknown}
 q - a scroll of remove curse {unknown}
Potions
 b - a potion of curing
 e - 2 potions of brilliance {unknown}
 i - a potion of ambrosia {unknown}
 n - a potion of might {unknown}
 o - a potion of berserk rage {unknown}
Comestibles
 c - 2 bread rations
 f - 2 royal jellies
 j - a meat ration
 m - 8 fruits
 p - a chunk of flesh


   Skills:
 * Level 3.7 Fighting
 + Level 3.8 Long Blades
 * Level 2.6 Armour
 * Level 2.6 Dodging


You had 4 spell levels left.
You didn't know any spells.

Dungeon Overview and Level Annotations

Branches:
Dungeon (3/15)

Altars:
Dithmenos
Fedhas


Innate Abilities, Weirdness & Mutations

You have a pair of small antennae on your head.
You have sharp fingernails.
A weak demonic guardian rushes to your aid.


Message History

The orc wizard hits you but does no damage.
You closely miss the orc wizard.
The orc wizard is heavily wounded.
Your quasit disappears in a puff of smoke!
The orc wizard gestures at you while chanting.
The puff of flame hits you!
* * * LOW HITPOINT WARNING * * *
The orc wizard hits you but does no damage.
You hit the orc wizard but do no damage.
The orc wizard is moderately wounded.
The orc wizard points at you and mumbles some strange words.
The puff of flame misses you.
Unknown command.
You closely miss the orc wizard.
The orc wizard is moderately wounded.
The orc wizard hits you but does no damage.
Your white imp barely misses the orc wizard.
The orc wizard gestures at you while chanting.
The puff of frost hits you!
You die...

..#.# .#.#
...# ..# ..#
#.######.
#.5...... #..
#o##
##(...##@)#
........)(#
###
#.....###)#
#(#
....####.###.#
........(....#
#####..#.###.#
#.........#
#..#.###.#.#
#..........#


You could see an orc wizard and a friendly white imp.

Vanquished Creatures
  Robin (D:3)
  A gnoll (D:2)
  4 adders
  2 dart slugs (D:1)
  4 leopard geckos
  7 orcs (D:3)
  2 giant cockroaches (D:1)
  17 goblins
  7 hobgoblins
  2 jackals (D:2)
  6 kobolds
  7 bats
  7 frilled lizards
  6 rats
73 creatures vanquished.

Notes
Turn   | Place    | Note
-------+----------+-------------------------------------------
     0 | D:1      | troglodite the Demonspawn Berserker began the quest for the Orb.
     0 | D:1      | Reached XP level 1. HP: 18/18 MP: 1/1
   112 | D:1      | Gained mutation: You have a pair of small antennae on your head. [demonic ancestry]
   112 | D:1      | Reached XP level 2. HP: 14/24 MP: 2/2
  1047 | D:1      | Reached XP level 3. HP: 26/29 MP: 3/3
  1149 | D:1      | Reached ** piety under Trog
  1871 | D:2      | Gained mutation: You have sharp fingernails. [demonic ancestry]
  1871 | D:2      | Reached XP level 4. HP: 33/35 MP: 4/4
  2150 | D:2      | Found a blossoming altar of Fedhas.
  2150 | D:2      | Found a shadowy altar of Dithmenos.
  2478 | D:3      | Noticed Robin
  2510 | D:3      | Killed Robin
  2865 | D:3      | Gained mutation: A weak demonic guardian rushes to your aid. [demonic ancestry]
  2865 | D:3      | Reached XP level 5. HP: 31/42 MP: 5/5
  2869 | D:3      | Reached *** piety under Trog
  2897 | D:3      | Killed from afar by an orc wizard

Skill      XL: |  1  2 |
---------------+-------+-----
Dodging        | 2 |  2.6
Armour         | 2 |  2.6
Long Blades    | 3 |  3.8
Fighting       | |  3.7

Action                   |  1- 3 |  4- 6 || total
-------------------------+-------+-------++-------
Melee: Falchion          |   152 |   121 ||   273
Invok: Berserk           |       |     2 ||     2
  Eat: Chunk             |     3 |     4 ||     7
Armor: Animal skin       |    18 |       ||    18
       Plate armour      |    68 |    92 ||   160
       Scale mail        |    10 |       ||    10
Dodge: Dodged            |    94 |    47 ||   141
       Rpst.: Falchion   |    39 |    20 ||    59
